 Dungeon Crawl Stone Soup version 0.27.1-3-gb3d3a73c9e (webtiles) character file.

Game seed: 10982040119549114852

101 loralnil the Chiller (level 4, -6/33 HPs)
             Began as a Draconian Ice Elementalist on Oct 5, 2021.
             Mangled by Sigmund (13 damage)
             ... on level 2 of the Dungeon.
             The game lasted 00:03:24 (2197 turns).

loralnil the Chiller (Draconian Ice Elementalist)   Turns: 2197, Time: 00:03:24

Health: -6/33      AC:  6    Str: 11    XL:     4   Next: 48%
Magic:  5/8        EV: 12    Int: 16    God:
Gold:   116        SH:  0    Dex: 11    Spells: 4/8 levels left

rFire    . . .     SeeInvis .   e - +0 long sword
rCold    . . .     Faith    .   (no shield)
rNeg     . . .     Spirit   .   (armour unavailable)
rPois    .         Reflect  .   (helmet restricted)
rElec    .         Harm     .   (no cloak)
rCorr    .         Rampage  .   (no gloves)
Will     .....                  d - +0 pair of boots
Stlth    +.........             (no amulet)
HPRegen  0.11/turn              (no ring)
MPRegen  0.11/turn              (no ring)

@: confused
A: AC +5, unfitting armour, cold-blooded
a: no special abilities


You were on level 2 of the Dungeon.
You visited 1 branch of the dungeon, and saw 2 of its levels.

You collected 116 gold pieces.

Inventory:

Hand Weapons
 e - a +0 long sword (weapon)
Armour
 d - a +0 pair of boots (worn)
Scrolls
 b - a scroll of noise {unknown}
 g - a scroll of holy word {unknown}
 h - a scroll of identify {unknown}
Potions
 a - 3 potions of curing {unknown}
 c - a potion of mutation {unknown}
 f - 2 potions of attraction {unknown}


   Skills:
 - Level 2.0 Dodging
 - Level 2.0 Stealth
 + Level 2.8 Spellcasting
 * Level 5.3 Ice Magic


You had 4 spell levels left.
You knew the following spells:

 Your Spells              Type           Power      Damage    Failure   Level
a - Freeze                Ice            76%        1d9       2%          1
b - Frozen Ramparts       Ice            38%        1d5       6%          3

Your spell library contained the following spells:

 Spells                   Type           Power      Damage    Failure   Level
 Ozocubu's Armour         Ice            19%        N/A       6%          3
 Animate Skeleton         Necr           4%         N/A       19%         1
 Pain                     Necr           8%         1d4       19%         1
 Summon Small Mammal      Summ           8%         N/A       19%         1
 Call Canine Familiar     Summ           2%         N/A       50%         3
 Summon Guardian Golem    Hex/Summ       2%         N/A       50%         3
 Vampiric Draining        Necr           1%         2d6       50%         3
 Hailstorm                Conj/Ice       10%        3d5       54%         4


Dungeon Overview and Level Annotations

Branches:
Dungeon (2/15)

Altars:

Annotations:
D:2 Robin, Sigmund


Innate Abilities, Weirdness & Mutations

Your plain brown scales are hard. (AC +5)
You cannot fit into any form of body armour.
You are cold-blooded and may be slowed by cold attacks.


Message History

The spell is quite dangerous to cast (7% risk of failure)!
Continue anyway?
Casting: Frozen Ramparts (quite dangerous; 7% risk of failure)
Press: ? - help, Dir - look around, f - activate The walls around you are covered in ice.
The wall freezes the adder.
The adder barely misses you.
The wall freezes something.
Casting: Frozen Ramparts (quite dangerous; 7% risk of failure)
Confirm with . or Enter, or press ? or * to list all spells.
Aiming: Freeze (safe; 2% risk of failure)
Press: ? - help, Shift-Dir - straight line, f - adder
Aim: an adder (moderately wounded)
You freeze the adder.
The adder is heavily wounded.
The wall freezes the adder.
The adder closely misses you.
You riposte.
You miss the adder.
Your tail-slap misses the adder.
The adder is heavily wounded.
The wall freezes something.
Something hits you.
The wall freezes the adder.
The adder barely misses you.
The wall freezes the adder.
You kill the adder!
The wall freezes something.
Something hits you.
The wall freezes something.
Something hits you!
The frozen ramparts melt away as you move.
You hear some strange, mumbled words.
You are confused.
You see here an adder corpse.
You're too confused to cast spells.
Sorry, you're not good enough to have a special ability.
You're too confused to cast spells.
Sorry, you're not good enough to have a special ability.
You closely miss something. Something hits you.
* * * LOW HITPOINT WARNING * * *
x2 You're too confused to cast spells.
Sorry, you're not good enough to have a special ability.
You're too confused to cast spells.
You're too confused to cast spells.
You're too confused to cast spells.
You barely miss something. Something hits you but does no damage.
You're too confused to move!
Something hits you!
You die...

#.
#.#≈)≈≈≈≈
### #.
#.#######
#.. .. #.#
#. #.# ##
#.# #. #.#
#.# ###.
#.#
...###...
#.#
.#.......
#.#
..###>#.
#@# #.#.
#.# #...
#.# ###
#... #.#
#.. #...
#.# #.#
#.#. #.#
#.# #.##
#.# #.#
#.##
#.###.##
#.##
#.##...####
#.#.


There were no monsters in sight!

Vanquished Creatures
  Jessica (D:2)
  2 adders (D:2)
  A worm (D:2)
  A dart slug (D:2)
  4 bats
  5 endoplasms
  6 hobgoblins
  6 jackals (D:1)
  3 quokkas
  6 ball pythons
  2 frilled lizards
  5 goblins
  5 kobolds
  4 rats
51 creatures vanquished.

Notes
Turn   | Place    | Note
-------+----------+-------------------------------------------
     0 | D:1      | loralnil the Draconian Ice Elementalist began the quest for
                  | the Orb.
     0 | D:1      | Reached XP level 1. HP: 14/14 MP: 3/3
   331 | D:1      | Reached XP level 2. HP: 20/20 MP: 0/5
   423 | D:1      | Found a faded altar of an unknown god.
  1363 | D:2      | Reached XP level 3. HP: 26/26 MP: 4/6
  1367 | D:2      | Learned a level 3 spell: Frozen Ramparts
  1758 | D:2      | Noticed Robin
  1964 | D:2      | Noticed Jessica
  1969 | D:2      | Killed Jessica
  1970 | D:2      | Reached skill level 5 in Ice Magic
  1970 | D:2      | Reached XP level 4. HP: 23/33 MP: 5/8
  2183 | D:2      | Noticed Sigmund
  2197 | D:2      | Mangled by Sigmund

Illustrated notes

Levels and vault maps discovered:
D:1:      dpeg_arrival_central, layout_basic, basic_ecumenical_altar
D:2:      layout_loops_ring, amcnicky_mini_rare_corridor_liquid, uniq_robin,
          uniq_jessica, uniq_sigmund

Skill      XL: |  1  2  3 |
---------------+----------+-----
Stealth        | 2 |  2.0
Dodging        | 2 |  2.0
Ice Magic      | 5 |  5.3
Spellcasting   | |  2.8

Action                   |  1- 3 |  4- 6 || total
-------------------------+-------+-------++-------
Melee: Unarmed           |     6 |       ||     6
       Tailslap          |     5 |       ||     5
       Long sword        |    15 |     2 ||    17
 Cast: Freeze            |    53 |     4 ||    57
       Frozen Ramparts   |       |     1 ||     1
 Stab: Sleeping          |     2 |       ||     2
Armor: Skin              |    24 |     2 ||    26
Dodge: Dodged            |    45 |     5 ||    50
       Rpst.: Long sword |     7 |     1 ||     8
